[Event "Titled Tuesday Blitz January 03 Early 2023"]
[White "Lacasa Diaz, Jose Antonio"]
[Black "Ezat, Mohamed"]
[WhiteFideId "2203375"]
[BlackFideId "10600906"]
[WhiteElo "2359"]
[BlackElo "2402"]
[Result "1-0"]
[Round "04"]
[TimeControl "180+2"]
[Date "2023.01.03"]
[WhiteClock "0:00:40"]
[BlackClock "0:00:01"]

1. e4 Nf6 2. e5 Nd5 3. d4 d6 4. Nf3 Bg4 5. Be2 e6 6. O-O Be7 7. c4 Nb6 8. h3 Bh5 9. Nc3 O-O 10. Be3 Nc6 11. exd6 cxd6 12. b3 d5 13. c5 Nc8 14. b4 a6 15. Rb1 Bxf3 16. Bxf3 Bf6 17. a4 N8e7 18. b5 axb5 19. axb5 Na5 20. Be2 Nf5 21. b6 Nc6 22. Nb5 Ra2 23. Bg4 Nxe3 24. fxe3 Bg5 25. Qb3 Ra8 26. Nc7 Na5 27. Qc3 Nc4 28. Nxa8 Bxe3+ 29. Kh1 Qxa8 30. Be2 Qa5 31. Qxa5 Nxa5 32. Rb4 Nc6 33. Ra4 Nxd4 34. Bd3 Nc6 35. Bb5 Ne5 36. c6 bxc6 37. b7 cxb5 38. Ra8 Nd7 39. Rxf8+ 1-0


[Site "https://www.chess.com"]

[Event "Titled Tuesday Blitz January 03 Early 2023"]
[White "Hoffmann, Asa"]
[Black "Kvaloy, Aksel Bu"]
[WhiteFideId "2001470"]
[BlackFideId "1528815"]
[WhiteElo "2185"]
[BlackElo "2321"]
[Result "0-1"]
[Round "04"]
[TimeControl "180+2"]
[Date "2023.01.03"]
[WhiteClock "0:00:28"]
[BlackClock "0:00:18"]

1. d4 Nf6 2. Bg5 c5 3. d5 Ne4 4. Bc1 e6 5. c4 b5 6. Nc3 Nxc3 7. bxc3 bxc4 8. e4 exd5 9. Qxd5 Nc6 10. Bxc4 Qe7 11. Nf3 g6 12. Bg5 Qe6 13. Qd3 Ne5 14. Nxe5 Qxe5 15. f4 Qd6 16. Bd5 Bb7 17. c4 Bxd5 18. exd5 f6 19. Bh4 Qxf4 20. Bg3 Qd4 21. Qxd4 cxd4 22. Rd1 Bc5 23. O-O O-O 24. Bf2 Rac8 25. Bxd4 f5 26. Rfe1 Kf7 27. Kf2 Bxd4+ 28. Rxd4 Rc5 29. Kf3 Rfc8 30. Rc1 Ra5 31. Rc2 Ra3+ 32. Kf4 Kf6 33. h4 h6 0-1


[Site "https://www.chess.com"]

[Event "Titled Tuesday Blitz January 03 Early 2023"]
[White "Silva Lucena, Cristian"]
[Black "Ozdemir, Serhan Berat"]
[WhiteFideId "2232588"]
[BlackFideId "6374611"]
[WhiteElo "2285"]
[BlackElo "2223"]
[Result "1/2-1/2"]
[Round "04"]
[TimeControl "180+2"]
[Date "2023.01.03"]
[WhiteClock "0:00:12"]
[BlackClock "0:00:03"]

1. e4 c5 2. Nf3 e6 3. d4 cxd4 4. Nxd4 a6 5. Nc3 b5 6. g3 Bb7 7. Bg2 Nf6 8. O-O b4 9. Na4 Bxe4 10. Bxe4 Nxe4 11. Qe2 d5 12. c4 bxc3 13. Nxc3 Nxc3 14. bxc3 Be7 15. Rb1 O-O 16. Rd1 Qc8 17. c4 Qxc4 18. Qxc4 dxc4 19. Rb7 Bf6 20. f4 Rd8 21. Rc7 Nc6 22. Rxc6 Bxd4+ 23. Kg2 c3 24. Kf3 g6 25. h4 h5 26. a3 Rd5 27. Be3 Bg7 28. Ke2 Rad8 29. Rxd5 exd5 30. Kd3 d4 31. Bf2 Rb8 32. Rc4 Rb2 33. Bxd4 Rg2 34. Rc8+ Kh7 35. Bxg7 Kxg7 36. Kd4 Rxg3 37. Ke4 Rh3 38. a4 Rxh4 39. Rxc3 g5 40. Kf5 Rxf4+ 41. Kxg5 Rxa4 42. Kxh5 Rf4 43. Ra3 Rf6 44. Kg5 Re6 45. Kf4 Kf6 46. Ra2 Ke7 47. Ra5 Kd6 48. Rxa6+ Ke7 49. Ra7+ Kf6 50. Ra5 Rb6 51. Ra4 Rb1 52. Ra6+ Kg7 53. Kf5 Rf1+ 54. Kg5 Kf8 55. Ra7 Re1 56. Kf6 Re6+ 57. Kf5 Kg7 58. Ra5 Rh6 59. Ra7 Rh5+ 60. Kg4 Rb5 61. Ra6 f6 62. Rc6 Kg6 63. Kf4 Rb4+ 64. Kf3 Kg5 65. Rc5+ f5 66. Kf2 Rb3 67. Rc4 Rb2+ 68. Kf3 Rb1 69. Ra4 Rf1+ 70. Kg2 Rd1 71. Kf3 Re1 72. Kf2 Rh1 73. Kf3 Rh3+ 74. Kf2 f4 75. Ra8 Rh2+ 76. Kf3 Rh3+ 77. Kf2 Rg3 78. Rg8+ Kh4 79. Rh8+ Kg4 80. Rg8+ Kh3 81. Rf8 Rg4 82. Kf3 Rg3+ 83. Kxf4 Rg1 84. Rh8+ Kg2 85. Rg8+ Kf2 86. Rh8 Rg2 87. Rh3 Rg1 88. Ra3 Kg2 89. Ra2+ Kh3 90. Rf2 Rg2 91. Rf3+ Kh2 92. Rb3 Kg1 93. Kf3 Rf2+ 94. Kg3 Rg2+ 95. Kf3 Rf2+ 96. Ke3 Rf7 97. Rb6 Rg7 98. Re6 Rg2 99. Rf6 Rg8 100. Kf3 Rg2 101. Rh6 Rf2+ 102. Ke3 Rg2 103. Rf6 Rg3+ 104. Kf4 Rg2 105. Ke3 1/2-1/2


[Site "https://www.chess.com"]

[Event "Titled Tuesday Blitz January 03 Early 2023"]
[White "Gutkin, Ilya"]
[Black "Cella, Glaucio Dalla Cortt"]
[WhiteFideId "16203470"]
[BlackFideId "2119455"]
[WhiteElo "2273"]
[BlackElo "1894"]
[Result "0-1"]
[Round "04"]
[TimeControl "180+2"]
[Date "2023.01.03"]
[WhiteClock "0:00:08"]
[BlackClock "0:01:23"]

1. Nf3 c5 2. b3 Nc6 3. Bb2 e6 4. c4 Nf6 5. g3 d5 6. cxd5 exd5 7. d4 cxd4 8. Nxd4 Bb4+ 9. Bc3 Qb6 10. Nxc6 bxc6 11. Bg2 O-O 12. O-O Bxc3 13. Nxc3 Bf5 14. Na4 Qc7 15. Rc1 Rad8 16. Qd4 Rfe8 17. e3 Re6 18. Rfd1 a5 19. Qf4 Qxf4 20. gxf4 Nd7 21. Rd4 Rg6 22. Kf1 Rb8 23. Nc5 Rb4 24. Rd2 Rd6 25. e4 Nxc5 26. e5 Nd3 27. exd6 Nxc1 28. Rc2 Bxc2 0-1


[Site "https://www.chess.com"]

[Event "Titled Tuesday Blitz January 03 Early 2023"]
[White "Dardha, Arben"]
[Black "Murtazin, Ruslan"]
[WhiteFideId "4700481"]
[BlackFideId "24175960"]
[WhiteElo "2262"]
[BlackElo "2247"]
[Result "0-1"]
[Round "04"]
[TimeControl "180+2"]
[Date "2023.01.03"]
[WhiteClock "0:00:07"]
[BlackClock "0:00:15"]

1. e4 e6 2. d4 d5 3. Nd2 Be7 4. Bd3 c5 5. exd5 Qxd5 6. Ngf3 cxd4 7. Bc4 Qd6 8. O-O Nf6 9. Nb3 Nc6 10. Nbxd4 Nxd4 11. Qxd4 Qxd4 12. Nxd4 a6 13. Bf4 O-O 14. Rfe1 Rd8 15. c3 b5 16. Bb3 Bb7 17. Rad1 h6 18. h3 Bc5 19. Nf3 a5 20. Bc7 Rxd1 21. Rxd1 a4 22. Bc2 Bd5 23. a3 Rc8 24. Be5 Bxf3 25. gxf3 Nd5 26. Be4 Nb6 27. Bb7 Rf8 28. Bc6 Nc4 29. Bd4 Bxd4 30. Rxd4 Rb8 31. Bxb5 Nxb2 32. Rb4 Nd1 33. Bxa4 Rd8 34. Rd4 Rxd4 35. cxd4 Nc3 36. Bc6 Ne2+ 37. Kf1 Nxd4 38. Bd7 Kf8 39. a4 Ke7 40. Bc8 Kd6 41. f4 Kc5 42. Ke1 Kb4 43. Bd7 Nb3 44. Be8 f6 45. Bf7 Nc5 46. Kd2 Kxa4 47. Kc3 Kb5 48. Be8+ Kb6 49. Kd4 Nb7 50. Bf7 Nd8 51. Be8 Kc7 52. Kc5 Nb7+ 53. Kd4 Kd6 54. h4 Nc5 55. Bg6 f5 56. h5 Nd7 57. Bf7 Nf6 58. Ke3 Nd5+ 59. Kf3 Nc7 60. Ke3 Ke7 61. Bg6 Kd6 62. Kd4 Nd5 63. Bf7 Nxf4 64. Ke3 Ke5 65. f3 Nd5+ 66. Kf2 Nc7 67. Ke3 Kf6 68. Bg6 e5 69. f4 Nd5+ 70. Kf3 Nxf4 71. Be8 Kg5 72. Bd7 Nxh5 73. Kg2 e4 74. Kh3 Nf6 75. Kg3 f4+ 76. Kh3 Nxd7 77. Kg2 Ne5 78. Kh3 f3 79. Kg3 e3 80. Kh3 e2 81. Kg3 e1=Q+ 82. Kh3 Qh1+ 83. Kg3 Qg2# 0-1


[Site "https://www.chess.com"]

[Event "Titled Tuesday Blitz January 03 Early 2023"]
[White "Babikov, Ivan"]
[Black "Berezin, Viktor"]
[WhiteFideId "4161106"]
[BlackFideId "14107872"]
[WhiteElo "2239"]
[BlackElo "2307"]
[Result "1-0"]
[Round "04"]
[TimeControl "180+2"]
[Date "2023.01.03"]
[WhiteClock "0:00:03"]
[BlackClock "0:00:02"]

1. d4 Nf6 2. Nf3 g6 3. c4 Bg7 4. g3 O-O 5. Bg2 d6 6. O-O Nc6 7. b3 a6 8. Bb2 Rb8 9. Nbd2 b5 10. Rc1 bxc4 11. Nxc4 a5 12. d5 Nb4 13. a3 Nbxd5 14. Nxa5 Bd7 15. Nd4 Ra8 16. Ndc6 Qe8 17. Bxd5 e6 18. Bg2 d5 19. b4 Kh8 20. Ne5 Ba4 21. Qd2 Rc8 22. Nec6 h5 23. h4 Kh7 24. Qg5 Ne4 25. Bxe4 Bxb2 26. Rb1 Bg7 27. Bd3 Bxc6 28. Qxh5+ Kg8 29. Qg5 e5 30. Rfc1 Bd7 31. Ba6 Ra8 32. Bb7 Rb8 33. Rxc7 Bf5 34. Rbc1 d4 35. Qe7 Qb5 36. Bf3 d3 37. exd3 Qxd3 38. R7c3 Qd2 39. R1c2 Bxc2 40. Rc7 Bf5 41. Nc6 Rbe8 42. Qc5 e4 43. Bg2 e3 44. fxe3 Qxe3+ 45. Qxe3 Rxe3 46. b5 Rxa3 47. b6 Rb3 48. b7 Be5 49. Ne7+ Kg7 50. Nxf5+ gxf5 51. Rc8 Bb8 52. Bd5 Bd6 53. Bxb3 1-0


[Site "https://www.chess.com"]

[Event "Titled Tuesday Blitz January 03 Early 2023"]
[White "ArchibaldCerveza29"]
[Black "Balint, Vilmos"]
[BlackFideId "718050"]
[WhiteElo "2510"]
[BlackElo "2169"]
[Result "1-0"]
[Round "04"]
[TimeControl "180+2"]
[Date "2023.01.03"]
[WhiteClock "0:00:02"]
[BlackClock "0:00:33"]

1. d4 Nf6 2. Nf3 e6 3. g3 b6 4. Bg2 Bb7 5. O-O Be7 6. b3 O-O 7. Bb2 a5 8. Nbd2 a4 9. Re1 Na6 10. e4 d6 11. c4 Nb4 12. Bc3 d5 13. e5 Nd7 14. a3 Na6 15. bxa4 dxc4 16. Nxc4 c5 17. Rb1 cxd4 18. Bxd4 Nac5 19. a5 bxa5 20. Qc2 Bd5 21. Nd6 Qc7 22. Rec1 Qc6 23. Ne1 Bxg2 24. Nxg2 Bxd6 25. exd6 Rfc8 26. Rd1 f6 27. Qe2 Rab8 28. Rbc1 Qa6 29. Qg4 Kf7 30. Qh5+ Kg8 31. Bxc5 Rxc5 32. Rxc5 Nxc5 33. Qxc5 Qe2 34. Re1 Qd2 35. Qc7 Rb2 36. Qd8+ Kf7 37. Qd7+ Kg6 38. Qe8+ Kh6 39. Rf1 Qxd6 40. h4 e5 41. Ne3 Qd4 42. Nf5# 1-0


[Site "https://www.chess.com"]

[Event "Titled Tuesday Blitz January 03 Early 2023"]
[White "Zanette, Edgard Vinicius"]
[Black "Taboas Rodriguez, Daniel"]
[WhiteFideId "2109263"]
[BlackFideId "2208466"]
[WhiteElo "2085"]
[BlackElo "2371"]
[Result "0-1"]
[Round "04"]
[TimeControl "180+2"]
[Date "2023.01.03"]
[WhiteClock "0:01:09"]
[BlackClock "0:02:10"]

1. e4 e5 2. Nf3 Nc6 3. Bb5 Nf6 4. d3 d6 5. c3 Bd7 6. O-O g6 7. Re1 Bg7 8. d4 O-O 9. Bg5 h6 10. Bh4 g5 11. Bg3 Nxd4 12. Nxd4 exd4 13. Bxd7 dxc3 14. Nxc3 Qxd7 15. h4 Rae8 16. hxg5 hxg5 17. Qd2 Qg4 18. Qd3 Nh5 19. Re3 Be5 20. Bxe5 Rxe5 21. Nd5 c6 22. Nc3 Nf4 23. Qf1 Kg7 24. Rg3 Qh4 25. Qc1 Rh8 0-1


[Site "https://www.chess.com"]

[Event "Titled Tuesday Blitz January 03 Early 2023"]
[White "Erzhanov, Arman"]
[Black "Mazibuko, Khanya"]
[WhiteFideId "4138821"]
[BlackFideId "14321041"]
[WhiteElo "2228"]
[BlackElo "1913"]
[Result "1-0"]
[Round "04"]
[TimeControl "180+2"]
[Date "2023.01.03"]
[WhiteClock "0:01:23"]
[BlackClock "0:00:09"]

1. e4 e5 2. Nf3 Nc6 3. Be2 Nf6 4. d3 d5 5. Nbd2 Bc5 6. O-O O-O 7. c3 a6 8. b3 h6 9. a3 Be6 10. b4 Bb6 11. h3 Qd7 12. Re1 Rad8 13. Qc2 Nh5 14. Nxe5 Nxe5 15. Bxh5 Bxh3 16. d4 Bg4 17. Bxg4 Nxg4 18. e5 f6 19. Nf3 fxe5 20. Rxe5 Nxe5 21. Nxe5 Qf5 22. Qxf5 Rxf5 23. Bd2 c6 24. Re1 Re8 25. f4 Bc7 26. g3 Bxe5 27. dxe5 h5 28. Kg2 Kf7 29. Kh3 Ke6 30. Kh4 g6 31. Be3 Rf7 32. a4 Kf5 33. a5 Rd7 34. Rf1 Re6 35. Bd4 Rf7 36. Rf2 Ke4 37. Re2+ Kd3 38. Re3+ Kc4 39. Rf3 Rf5 40. Re3 g5+ 41. fxg5 Rg6 42. Kxh5 Rfxg5+ 43. Kh4 Rf5 44. g4 Rf8 45. Re2 Rf4 46. Rg2 Re4 47. Kh5 Rg8 48. g5 Rh8+ 49. Kg6 Rh1 50. Kg7 Rhh4 51. g6 Rhg4 52. Rxg4 Rxg4 53. e6 1-0


[Site "https://www.chess.com"]

[Event "Titled Tuesday Blitz January 03 Early 2023"]
[White "Gavilan Diaz, Mario"]
[Black "Md, Imran"]
[WhiteFideId "2260905"]
[BlackFideId "25748580"]
[WhiteElo "2271"]
[BlackElo "2284"]
[Result "0-1"]
[Round "04"]
[TimeControl "180+2"]
[Date "2023.01.03"]
[WhiteClock "0:00:05"]
[BlackClock "0:00:21"]

1. d4 Nf6 2. c4 e6 3. Nc3 d5 4. cxd5 exd5 5. Bg5 Be7 6. Qc2 O-O 7. e3 h6 8. Bh4 Bg4 9. Bd3 Nc6 10. a3 Re8 11. f3 Bh5 12. Nge2 g5 13. Bf2 Kg7 14. g4 Bg6 15. O-O Bxd3 16. Qxd3 Bd6 17. Bg3 Ne7 18. Bxd6 Qxd6 19. Ng3 c5 20. dxc5 Qxc5 21. Nce2 Rac8 22. Nd4 Kh8 23. Rf2 Qc4 24. Rd2 Qxd3 25. Rxd3 Kh7 26. Rad1 a6 27. Kf2 Ng6 28. Ngf5 Ne5 29. Rb3 Rc7 30. Ne2 h5 31. h3 Kg6 32. Nc3 b5 33. Nxd5 Rc2+ 34. Kf1 Nxd5 35. Rxd5 Nxf3 36. Nd4 Nh2+ 37. Kg1 Rd2 38. Rd6+ f6 39. Rc3 hxg4 40. hxg4 Nxg4 41. Rcc6 Rxe3 42. Nxb5 Re1# 0-1


[Site "https://www.chess.com"]

[Event "Titled Tuesday Blitz January 03 Early 2023"]
[White "Rosenberg, Evan S"]
[Black "Rangel, Daniel"]
[WhiteFideId "2019299"]
[BlackFideId "2124475"]
[WhiteElo "1956"]
[BlackElo "2207"]
[Result "0-1"]
[Round "04"]
[TimeControl "180+2"]
[Date "2023.01.03"]
[WhiteClock "0:00:01"]
[BlackClock "0:00:04"]

1. d4 Nf6 2. Nf3 g6 3. Nc3 Bg7 4. e4 O-O 5. e5 Ne8 6. h4 c5 7. h5 cxd4 8. Qxd4 Nc6 9. Qh4 f6 10. hxg6 hxg6 11. Qh7+ Kf7 12. Ne4 Nxe5 13. Nxe5+ fxe5 14. Ng5+ Kf6 15. Bc4 e6 16. Qh4 Ke7 17. Nxe6+ Bf6 18. Qh7+ Rf7 19. Qxf7+ Kxf7 20. Nxd8+ Ke7 21. Nf7 b5 22. Bd5 Rb8 23. Ng5 Nc7 24. Be4 d5 25. Rh7+ Kd6 26. Bxg6 Bb7 27. Be3 d4 28. Bd2 Rg8 29. Nf7+ Kc5 30. b4+ Kb6 31. Nd6 Rxg6 32. Nxb7 Kxb7 33. f4 Rxg2 34. O-O-O e4 35. Be1 e3 36. Bh4 Rh2 0-1


[Site "https://www.chess.com"]

[Event "Titled Tuesday Blitz January 03 Early 2023"]
[White "Mica, Marek"]
[Black "Prudnykova, Olga"]
[WhiteFideId "382884"]
[BlackFideId "14121093"]
[WhiteElo "2256"]
[BlackElo "2268"]
[Result "1-0"]
[Round "04"]
[TimeControl "180+2"]
[Date "2023.01.03"]
[WhiteClock "0:00:43"]
[BlackClock "0:00:02"]

1. Nf3 Nf6 2. d4 g6 3. c4 Bg7 4. g3 d5 5. Bg2 O-O 6. O-O dxc4 7. Na3 c5 8. dxc5 Qc7 9. Qc2 Qxc5 10. Be3 Qh5 11. Nxc4 Nc6 12. Rac1 Bh3 13. Rfd1 Ng4 14. Qb3 e5 15. Qxb7 Bxg2 16. Kxg2 e4 17. Qxc6 exf3+ 18. Qxf3 Qxh2+ 19. Kf1 Qh3+ 20. Qg2 Nxe3+ 21. Nxe3 Qxg2+ 22. Kxg2 Bxb2 23. Rc7 Be5 24. Re7 Rfe8 25. Rb7 a5 26. Rdd7 Rf8 27. Nc4 Bf6 28. e4 a4 29. e5 Bg7 30. f4 Rac8 31. Rdc7 Rxc7 32. Rxc7 Rb8 33. a3 Bf8 34. Ra7 Rc8 35. Nd6 Bxd6 36. exd6 Rd8 37. d7 Kf8 38. Kf3 Ke7 39. Ke4 Rxd7 40. Rxa4 Rb7 41. Rb4 Rc7 42. a4 f5+ 43. Kf3 Rc3+ 44. Kg2 Ra3 45. Kh3 h5 46. Kh4 Kf6 47. Rc4 Ra1 48. Rc6+ Kg7 49. Kg5 Rxa4 50. Rxg6+ Kf7 51. Rf6+ Kg7 52. Rxf5 Ra3 53. Kh4 Ra1 54. Rxh5 Kf6 55. Kg4 Rg1 56. Rh6+ Kg7 57. Rb6 Rg2 58. Kh4 Rh2+ 59. Kg5 Rg2 60. g4 Rc2 61. f5 Rc4 62. Rb7+ Kf8 63. Kh5 Rf4 64. Kg5 Rc4 65. f6 Re4 66. Kf5 Re1 67. g5 Rf1+ 68. Kg6 Ke8 69. Kg7 1-0


[Site "https://www.chess.com"]

[Event "Titled Tuesday Blitz January 03 Early 2023"]
[White "Tran, Thanh Tu"]
[Black "Zia, Tahsin Tajwar"]
[WhiteFideId "12401404"]
[BlackFideId "10211888"]
[WhiteElo "2412"]
[BlackElo "2315"]
[Result "1-0"]
[Round "04"]
[TimeControl "180+2"]
[Date "2023.01.03"]
[WhiteClock "0:00:04"]
[BlackClock "0:00:02"]

1. Nf3 Nf6 2. d4 g6 3. Bf4 Bg7 4. e3 O-O 5. h3 c5 6. c3 b6 7. a4 Bb7 8. a5 Qc8 9. Nbd2 d6 10. Be2 Ne4 11. O-O Nd7 12. Nxe4 Bxe4 13. Ng5 Nf6 14. Nxe4 Nxe4 15. Bf3 d5 16. dxc5 Qxc5 17. axb6 axb6 18. Qc2 Nf6 19. Be5 e6 20. Bd4 Qc7 21. Qb3 Nd7 22. Bxg7 Kxg7 23. Qb4 Qc5 24. Qf4 e5 25. Qg4 Nf6 26. Qh4 e4 27. Be2 h6 28. Qf4 Qe7 29. Bb5 Rfd8 30. Bc6 Rxa1 31. Rxa1 Qd6 32. Qxd6 Rxd6 33. Bb5 Nd7 34. Ra7 Ne5 35. Kf1 Kf6 36. Ke2 Ke6 37. f4 Nd7 38. g4 f5 39. b4 fxg4 40. hxg4 h5 41. g5 h4 42. Kf2 Ke7 43. Kg2 Kd8 44. Kh3 Nf8 45. Kxh4 Ne6 46. Kg4 Nc7 47. Be2 Kc8 48. f5 gxf5+ 49. Kxf5 Kb8 50. Ra1 Rd8 51. g6 Rf8+ 52. Ke5 Rg8 53. Rg1 Kc8 54. Bg4+ Kd8 55. Be6 Rg7 56. Kf6 Nxe6 57. Kxe6 Ke8 58. Kf6 Kf8 59. Rg5 Rd7 60. g7+ Kg8 61. Ke6 Rc7 62. Kxd5 Rxc3 63. Kxe4 Rc4+ 64. Kd5 Rxb4 65. Rg3 Rb5+ 66. Kc6 Rb1 67. e4 b5 68. e5 b4 69. e6 Re1 70. Kd7 b3 71. Rxb3 Kxg7 72. Rg3+ Kf6 73. Rf3+ Kg7 74. e7 Rd1+ 75. Ke6 Re1+ 76. Kd7 Rd1+ 77. Ke8 Rd2 78. Rg3+ Kf6 79. Kf8 Rh2 80. Rf3+ Ke5 81. e8=Q+ 1-0


[Site "https://www.chess.com"]

[Event "Titled Tuesday Blitz January 03 Early 2023"]
[White "Andreev, Eduard"]
[Black "Viskelis, Darius"]
[WhiteFideId "14103400"]
[BlackFideId "12800830"]
[WhiteElo "2413"]
[BlackElo "2166"]
[Result "1-0"]
[Round "04"]
[TimeControl "180+2"]
[Date "2023.01.03"]
[WhiteClock "0:01:09"]
[BlackClock "0:00:07"]

1. e4 c5 2. Nf3 g6 3. d4 cxd4 4. Nxd4 Bg7 5. Nc3 Nc6 6. Be3 Nf6 7. f3 O-O 8. Bc4 Qb6 9. Bb3 Ng4 10. fxg4 Bxd4 11. Bxd4 Qxd4 12. Qxd4 Nxd4 13. O-O-O Nxb3+ 14. axb3 d6 15. g5 Be6 16. Nd5 Bxd5 17. Rxd5 Rfc8 18. e5 Rc5 19. Rxc5 dxc5 20. Rd1 Kf8 21. Rd7 b6 22. Rb7 Ke8 23. c3 Rd8 24. Rxa7 Rd5 25. e6 fxe6 26. Rb7 Rxg5 27. g3 Rh5 28. h4 g5 29. hxg5 Rxg5 30. Rxb6 Kd7 31. Rb7+ Kd6 32. b4 cxb4 33. Rxb4 Rxg3 34. Rh4 Rg7 35. b4 e5 36. Kc2 Kd5 37. c4+ Kd6 38. Kb3 e6 39. Ka4 Rf7 40. Kb5 Rb7+ 41. Ka5 Ra7+ 42. Kb6 Ra4 43. b5 h5 44. c5+ Kd5 45. Rxa4 1-0


[Site "https://www.chess.com"]

[Event "Titled Tuesday Blitz January 03 Early 2023"]
[White "Shuvalov, Evgenij"]
[Black "Ankerst, Mihael"]
[WhiteFideId "4187237"]
[BlackFideId "14602369"]
[WhiteElo "2038"]
[BlackElo "2370"]
[Result "0-1"]
[Round "04"]
[TimeControl "180+2"]
[Date "2023.01.03"]
[WhiteClock "0:00:19"]
[BlackClock "0:01:35"]

1. d4 Nf6 2. c4 g6 3. Nc3 Bg7 4. e4 d6 5. Nf3 O-O 6. Be2 Na6 7. O-O e5 8. Be3 c6 9. d5 Ng4 10. Bg5 f6 11. Bh4 Nh6 12. c5 Nxc5 13. b4 Na6 14. Bxa6 bxa6 15. dxc6 Be6 16. Nd5 Rc8 17. Rc1 g5 18. Bg3 f5 19. c7 Qd7 20. Nxg5 fxe4 21. Nxe4 Nf5 22. a3 Nd4 23. Nec3 Qf7 24. Ne3 Rxc7 25. Re1 Rfc8 26. Qd2 Nb3 27. Qb2 Nxc1 28. Rxc1 e4 29. Ned1 Qf6 30. Bxd6 Rxc3 31. Nxc3 Rxc3 32. Rxc3 Qxc3 33. Qxc3 Bxc3 34. Bc5 Bb2 35. a4 Ba3 36. a5 Bc4 37. g4 Be2 38. h3 Kf7 39. Kg2 Ke6 40. Kg3 Ke5 41. Bxa7 Bxb4 42. Bb6 Bd2 43. Bc7+ Kd5 44. h4 h6 45. Bb6 Kc4 46. Be3 Bxe3 47. fxe3 Kb5 48. Kf4 Kxa5 49. g5 hxg5+ 50. hxg5 Bd3 51. g6 Kb4 52. g7 Bc4 53. Kxe4 a5 54. Ke5 a4 55. Kf6 a3 56. e4 a2 57. e5 a1=Q 58. Ke7 Qxe5+ 59. Kf8 Qf6+ 60. Ke8 Qf7+ 61. Kd8 0-1


[Site "https://www.chess.com"]

[Event "Titled Tuesday Blitz January 03 Early 2023"]
[White "Martin, Lewis"]
[Black "Orzech, Dominik"]
[WhiteFideId "410551"]
[BlackFideId "1115065"]
[WhiteElo "2135"]
[BlackElo "2308"]
[Result "0-1"]
[Round "04"]
[TimeControl "180+2"]
[Date "2023.01.03"]
[WhiteClock "0:00:08"]
[BlackClock "0:00:26"]

1. e4 c6 2. Nf3 d5 3. exd5 cxd5 4. d4 Nc6 5. c3 Bg4 6. Be2 Nf6 7. Be3 e6 8. Nbd2 Bd6 9. h3 Bh5 10. O-O O-O 11. Re1 Rb8 12. Nf1 b5 13. a3 a5 14. b4 Qc7 15. Qb3 Rfc8 16. Rec1 Ne4 17. N1d2 axb4 18. axb4 f5 19. Nxe4 fxe4 20. Ng5 Bxe2 21. Nxe6 Bc4 22. Qxc4 dxc4 23. Nxc7 Rxc7 24. Ra6 Rd8 25. Rca1 Bf8 26. Rb6 Rb8 27. Rxb8 Nxb8 28. Ra8 Nd7 29. Bf4 Rb7 30. Bd6 Kf7 31. Bf4 Nb6 32. g4 Nxa8 0-1


[Site "https://www.chess.com"]

[Event "Titled Tuesday Blitz January 03 Early 2023"]
[White "Fisher_TheGalactic"]
[Black "Samaganova, Aleksandra"]
[BlackFideId "13800221"]
[WhiteElo "2521"]
[BlackElo "1856"]
[Result "1-0"]
[Round "04"]
[TimeControl "180+2"]
[Date "2023.01.03"]
[WhiteClock "0:00:06"]
[BlackClock "0:00:05"]

1. Nf3 c5 2. g3 Nc6 3. Bg2 g6 4. O-O Bg7 5. e4 e6 6. c3 Nge7 7. d4 cxd4 8. cxd4 d5 9. e5 h6 10. Nc3 O-O 11. b3 a6 12. h4 b5 13. Bf4 b4 14. Na4 a5 15. Qd2 Kh7 16. Rac1 Ba6 17. Rfe1 Bb5 18. Nc5 Ra7 19. Nh2 Nf5 20. Nf3 Qb6 21. g4 Nfe7 22. Kh2 a4 23. Rh1 axb3 24. axb3 Rfa8 25. Kg3 Ra2 26. Qe3 Re2 27. Bxh6 Rxe3 28. Bxe3 Be2 29. h5 gxh5 30. Rxh5+ Kg8 31. Rch1 Bxf3 32. Bxf3 Ng6 33. Be2 Qc7 34. f4 Ra2 35. Bd3 Qc8 36. f5 Ngxe5 37. dxe5 Nxe5 38. f6 Bxf6 39. Bh7+ Kf8 40. g5 Bg7 41. g6 Nxg6 42. Bxg6 fxg6 43. Rh8+ Bxh8 44. Rxh8+ Ke7 45. Rxc8 Kd6 46. Nd3 e5 47. Bc5+ Kd7 48. Rg8 e4 49. Ne5+ Ke6 50. Nxg6 Rb2 51. Nf4+ Ke5 52. Rg5+ Kf6 53. Bd4+ Kf7 54. Bxb2 e3 55. Rxd5 1-0


[Site "https://www.chess.com"]

[Event "Titled Tuesday Blitz January 03 Early 2023"]
[White "Quinones Garcia, Santiago"]
[Black "Koridze, Lile"]
[WhiteFideId "4408497"]
[BlackFideId "13612514"]
[WhiteElo "2248"]
[BlackElo "2191"]
[Result "0-1"]
[Round "04"]
[TimeControl "180+2"]
[Date "2023.01.03"]
[WhiteClock "0:00:59"]
[BlackClock "0:00:46"]

1. d4 Nf6 2. c4 e6 3. Nc3 Bb4 4. Qc2 O-O 5. a3 Bxc3+ 6. Qxc3 b6 7. Nf3 Bb7 8. e3 d5 9. b4 Nbd7 10. Bd3 c5 11. dxc5 bxc5 12. b5 d4 13. exd4 cxd4 14. Qxd4 Bxf3 15. gxf3 Ne5 16. Qxd8 Nxf3+ 17. Ke2 Raxd8 18. Bxh7+ Kxh7 19. Kxf3 Rc8 20. Be3 Rxc4 21. Bxa7 Nd5 22. a4 Rfc8 23. a5 Rb4 24. Rhb1 Rc3+ 25. Kg2 Rg4+ 26. Kf1 Rh3 27. b6 Rxh2 28. b7 Nc3 29. Ke1 Rh1+ 30. Kd2 Nxb1+ 31. Kd3 Rb4 32. b8=Q Rxb8 33. Bxb8 Rh3+ 34. Kc2 Na3+ 35. Kd1 Rh1+ 36. Ke2 Rxa1 37. a6 Nb5 38. a7 Nxa7 0-1


[Site "https://www.chess.com"]

[Event "Titled Tuesday Blitz January 03 Early 2023"]
[White "Makhmudov, Shukhrat"]
[Black "Karas, Marek"]
[WhiteFideId "14200775"]
[BlackFideId "14928558"]
[WhiteElo "2115"]
[BlackElo "2227"]
[Result "1-0"]
[Round "04"]
[TimeControl "180+2"]
[Date "2023.01.03"]
[WhiteClock "0:00:14"]
[BlackClock "0:00:03"]

1. e4 c5 2. Nf3 d6 3. d4 cxd4 4. Nxd4 Nf6 5. Nc3 Nc6 6. Be2 e5 7. Nf3 Be7 8. O-O O-O 9. a3 Be6 10. Ng5 d5 11. exd5 Bxd5 12. Nxd5 Qxd5 13. c3 h6 14. Qxd5 Nxd5 15. Bf3 Rfd8 16. Rd1 Nb6 17. Ne4 f5 18. Ng3 e4 19. Be2 Rxd1+ 20. Bxd1 Rf8 21. Bb3+ Kh7 22. Be3 f4 23. Bxb6 fxg3 24. Be3 gxf2+ 25. Bxf2 Ne5 26. Bd5 b6 27. Bxe4+ Kh8 28. Re1 Bf6 29. Rd1 Nc4 30. b3 Nxa3 31. c4 Rd8 32. Bd3 Nb1 33. Bc2 Rxd1+ 34. Bxd1 Nc3 35. Bf3 Kg8 36. Kf1 Na2 37. Ke2 Nc1+ 38. Kd2 Nxb3+ 39. Kc2 Na5 40. Kd3 Kf7 41. Bd5+ Ke8 42. Be1 Nb3 43. Bf2 Be7 44. Be3 1-0


[Site "https://www.chess.com"]

[Event "Titled Tuesday Blitz January 03 Early 2023"]
[White "Bommini, Mounika Akshaya"]
[Black "Kopczynski, Michal"]
[WhiteFideId "25019872"]
[BlackFideId "1124200"]
[WhiteElo "2118"]
[BlackElo "2225"]
[Result "1-0"]
[Round "04"]
[TimeControl "180+2"]
[Date "2023.01.03"]
[WhiteClock "0:00:05"]
[BlackClock "0:00:11"]

1. d4 Nf6 2. c4 g6 3. Nc3 Bg7 4. e4 d6 5. f4 O-O 6. Nf3 c5 7. d5 e6 8. dxe6 fxe6 9. Bd3 Nc6 10. O-O Kh8 11. Ng5 h6 12. Nh3 e5 13. f5 g5 14. Nxg5 hxg5 15. Bxg5 Qe8 16. Rf3 Kg8 17. Nd5 Nxd5 18. cxd5 Nd4 19. Rg3 Rf7 20. f6 c4 21. Bxc4 Bd7 22. fxg7 Rxg7 23. Qd3 Rc8 24. Bh6 Rg6 25. Rf1 Bg4 26. Rxg4 Rxg4 27. Rf8+ Qxf8 28. Bxf8 Rxf8 29. h3 Rg5 30. Qe3 Rf4 31. Kh2 b5 32. Be2 Rg6 33. Bg4 Rgf6 34. Qg3 Kf7 35. Qa3 Kg6 36. Qxa7 Rf2 37. Qb8 Rxb2 38. Qg8+ Kh6 39. Qh8+ Kg6 40. Bh5+ Kg5 41. Kg3 Ne2+ 42. Bxe2 Rxe2 43. h4+ Kg6 44. h5+ Kf7 45. Qh7+ Kf8 46. Qh8+ Kf7 47. h6 Re3+ 48. Kh2 Rxe4 49. Qg7+ Ke8 50. Qxf6 Rf4 51. Qe6+ Kf8 52. h7 Kg7 53. Qe7+ Kh8 54. Qxd6 Kxh7 55. Qe7+ Kg6 56. Qe6+ Rf6 57. Qxe5 Kf7 58. Qc7+ Ke8 59. d6 Rh6+ 60. Kg1 Kf8 61. d7 Ke7 62. d8=Q+ 1-0


[Site "https://www.chess.com"]